 Dungeon Crawl Stone Soup version 0.29-a0-416-g83a48905f1 (webtiles) character file.

Game seed: 7535783372891189597

819842 holysushi the Intangible (level 27, -5/132 (197) HPs)
             Began as a Kobold Artificer on May 16, 2022.
             Was an Elder of Dithmenos.
             Slain by Bafu the pandemonium lord (21 damage)
             ... in Pandemonium on May 17, 2022.
             The game lasted 04:10:17 (110388 turns).

holysushi the Intangible (Kobold Artificer)       Turns: 110388, Time: 04:10:17

HP:   -5/132 (197)  AC: 11    Str: 12    XL:     27
MP:   28/36         EV: 67    Int: 15    God:    Dithmenos [****..]
Gold: 10326         SH: 17    Dex: 44    Spells: 26/26 levels left

rFire   + + +      SeeInvis +   a - +9 short sword (spect)
rCold   + + +      Faith    .   M - +3 buckler {AC+3}
rNeg    + + +      Spirit   .   p - +1 leather armour of Compassion {Rampage rCorr Int-3 Dex+3}
rPois   ∞          Reflect  .   L - -2 hat of the Alchemist {rElec rPois rF+ rC+ rN+ Will+ rMut rCorr}
rElec   +          Harm     .   d - scarf {rC+ rF+}
rCorr   +          Rampage  +   s - +2 pair of gloves {Dex+3}
rMut    +                       Q - +0 pair of boots of Biusit {Will+ rCorr Int+2 Dex+3}
Will    ∞                       j - macabre finger necklace {rN+} Stlth !!!!!!####
                                o - ring of see invisible
HPRegen 0.32/turn               K - +6 ring of dexterity
MPRegen 0.25/turn               C - ring of the Orange Skies {rF+ rC+ EV+4 Int+4}

@: shadow-form, wreathed by umbra, studying 2 skills, very heavily drained,
invisible
A: shadow resist, half damage, bleed smoke, invisible, small, no large weapons,
nightstalker 3, agile 1, MP-powered wands
}: 8/15 runes: serpentine, barnacled, slimy, silver, golden, abyssal, demonic,
magical
a: End Transformation, Renounce Religion, Shadow Step


You were in Pandemonium.
You worshipped Dithmenos.
Dithmenos was greatly pleased with you.
You were a swirling mass of dark shadows.
You visited 14 branches of the dungeon, and saw 60 of its levels.
You visited Pandemonium 2 times, and saw 6 of its levels.
You visited the Abyss 1 time.
You visited 1 bazaar.
You also visited: Ossuary, Bailey, Gauntlet and Wizlab.

You collected 13751 gold pieces.
You spent 3425 gold pieces at shops.

Inventory:

Hand Weapons
 a - a +9 spectral short sword (weapon)
 b - a +3 quick blade of freezing
Armour
 d - a scarf of resistance (worn)
 p - the +1 leather armour of Compassion (worn) {Rampage rCorr Int-3 Dex+3}
   (You found it in Pandemonium)

   Int:       It affects your intelligence (-3).
   Dex:       It affects your dexterity (+3).
   rCorr:     It protects you from acid and corrosion.
   Rampage:   It bestows one free step when moving towards enemies.
 s - a +2 pair of gloves of dexterity (worn)
 L - the -2 hat of the Alchemist (worn) {rElec rPois rF+ rC+ rN+ Will+ rMut rCorr}
   (You found it in a wizard's laboratory)

   rF:        It protects you from fire.
   rC:        It protects you from cold.
   rElec:     It insulates you from electricity.
   rPois:     It protects you from poison.
   rN:        It protects you from negative energy.
   rCorr:     It protects you from acid and corrosion.
   rMut:      It protects you from mutation.
   Will:      It increases your willpower.
 M - a +3 buckler of protection (worn)
 Q - the +0 pair of boots of Biusit (worn) {Will+ rCorr Int+2 Dex+3}
   (You acquired it on level 3 of the Tomb of the Ancients)

   Int:       It affects your intelligence (+2).
   Dex:       It affects your dexterity (+3).
   rCorr:     It protects you from acid and corrosion.
   Will:      It increases your willpower.
Jewellery
 j - the macabre finger necklace (around neck) {rN+}
   (You found it on level 3 of the Tomb of the Ancients)

   [amulet of nothing]

   It enables you to equip an extra ring.
   rN:        It protects you from negative energy.
 o - a ring of see invisible (left hand)
 A - a +6 ring of dexterity
 C - the ring of the Orange Skies (on amulet) {rF+ rC+ EV+4 Int+4}
   (You acquired it on level 3 of the Depths)

   [ring of evasion]

   EV:        It affects your evasion (+4).
   Int:       It affects your intelligence (+4).
   rF:        It protects you from fire.
   rC:        It protects you from cold.
 J - the ring "Rypuywuo" {Wiz Fly}
   (You found it on level 4 of the Snake Pit)

   [ring of wizardry]

   It improves your spell success rate.
   Fly:       It grants you flight.
 K - a +6 ring of dexterity (right hand)
 V - the amulet "Yhyv Pel" {Regen+ Str+4 Dex+3}
   (You found it on level 4 of the Shoals)

   [amulet of regeneration]

   Str:       It affects your strength (+4).
   Dex:       It affects your dexterity (+3).
   Regen:     It increases your rate of health regeneration.
Wands
 e - a wand of iceblast (49)
 w - a wand of acid (8)
 I - a wand of paralysis (32)
 P - a wand of digging (23)
Scrolls
 m - 13 scrolls of immolation
 n - 7 scrolls of fear
 u - 15 scrolls of teleportation
 v - 9 scrolls of fog
 y - 5 scrolls of vulnerability
 D - 10 scrolls of enchant armour
 N - 7 scrolls of summoning
 R - 5 scrolls of magic mapping
 S - 2 scrolls of blinking
 X - 7 scrolls of silence
 Y - 5 scrolls of enchant weapon
Potions
 f - 9 potions of ambrosia
 g - 13 potions of might
 h - 35 potions of curing
 i - 5 potions of resistance
 l - 8 potions of brilliance
 r - 4 potions of magic
 t - 12 potions of berserk rage
 z - 6 potions of cancellation
 E - 29 potions of mutation
 F - 3 potions of haste
 G - 2 potions of heal wounds
 H - a potion of flight
 T - 9 potions of lignification
 U - 17 potions of attraction
 W - 5 potions of invisibility
Miscellaneous
 c - the horn of Geryon
 k - a phantom mirror
 q - a condenser vane
 B - a box of beasts
 O - a figurine of a ziggurat
 Z - a phial of floods


   Skills:
 + Level 26.7 Fighting
 O Level 27 Short Blades
 - Level 10.0 Armour
 O Level 27 Dodging
 O Level 27 Stealth
 * Level 18.2 Shields
 - Level 18.0 Invocations
 + Level 21.5 Evocations


You had 26 spell levels left.
You didn't know any spells.
Your spell library contained the following spells:

 Spells                   Type           Power      Damage    Failure   Level
 Animate Skeleton         Necr           0%         N/A       36%         1
 Apportation              Tloc           0%         N/A       36%         1
 Foxfire                  Conj/Fire      0%         2x1d4     36%         1
 Freeze                   Ice            0%         1d3       36%         1
 Pain                     Necr           0%         1d4       36%         1
 Shock                    Conj/Air       0%         1d3       36%         1
 Slow                     Hex            0%         N/A       36%         1
 Sting                    Tmut/Pois      0%         1d3       36%         1
 Summon Small Mammal      Summ           0%         N/A       36%         1
 Call Imp                 Summ           0%         N/A       50%         2
 Corpse Rot               Necr/Air       0%         N/A       50%         2
 Ensorcelled Hibernation  Hex/Ice        0%         N/A       50%         2
 Poisonous Vapours        Pois/Air       0%         N/A       50%         2
 Scorch                   Fire           0%         2d5       50%         2
 Static Discharge         Conj/Air       0%         N/A       50%         2
 Sublimation of Blood     Necr           0%         N/A       50%         2
 Wereblood                Tmut           0%         N/A       50%         2
 Confusing Touch          Hex            0%         N/A       75%         3
 Conjure Flame            Conj/Fire      0%         6-21      75%         3
 Dazzling Flash           Conj/Hex       0%         N/A       75%         3
 Frozen Ramparts          Ice            0%         1d2       75%         3
 Gell's Gravitas          Tloc           0%         N/A       75%         3
 Inner Flame              Hex/Fire       0%         N/A       75%         3
 Lesser Beckoning         Tloc           0%         N/A       75%         3
 Ozocubu's Armour         Ice            0%         N/A       75%         3
 Portal Projectile        Hex/Tloc       0%         N/A       75%         3
 Spider Form              Tmut/Pois      0%         N/A       75%         3
 Summon Guardian Golem    Hex/Summ       0%         N/A       75%         3
 Swiftness                Air            0%         N/A       75%         3
 Teleport Other           Tloc           0%         N/A       75%         3
 Tukima's Dance           Hex            0%         N/A       75%         3
 Vampiric Draining        Necr           0%         2d6       75%         3
 Airstrike                Air            0%         N/A       98%         4
 Anguish                  Hex/Necr       0%         N/A       98%         4
 Animate Dead             Necr           0%         N/A       98%         4
 Cause Fear               Hex            0%         N/A       98%         4
 Dispel Undead            Necr           0%         3d6       98%         4
 Flame Wave               Conj/Fire      0%         2d4       98%         4
 Hailstorm                Conj/Ice       0%         3d3       98%         4
 Ice Form                 Ice/Tmut       0%         N/A       98%         4
 Leda's Liquefaction      Hex/Erth       0%         N/A       98%         4
 Olgreb's Toxic Radiance  Pois           0%         N/A       98%         4
 Petrify                  Tmut/Erth      0%         N/A       98%         4
 Sticky Flame             Conj/Fire      0%         2d3       98%         4
 Summon Ice Beast         Ice/Summ       0%         N/A       98%         4
 Summon Lightning Spire   Summ/Air       0%         N/A       98%         4
 Agony                    Necr           0%         N/A       100%        5
 Alistair's Intoxication  Tmut/Pois      0%         N/A       100%        5
 Blade Hands              Tmut           0%         N/A       100%        5
 Borgnjor's Vile Clutch   Necr/Erth      0%         N/A       100%        5
 Excruciating Wounds      Necr           0%         N/A       100%        5
 Irradiate                Conj/Tmut      0%         3d13      100%        5
 Lee's Rapid Deconstruct  Erth           0%         3d5*      100%        5
 Lightning Bolt           Conj/Air       0%         1d11      100%        5
 Metabolic Englaciation   Hex/Ice        0%         N/A       100%        5
 Silence                  Hex/Air        0%         N/A       100%        5
 Summon Forest            Summ/Tloc      0%         N/A       100%        5
 Summon Mana Viper        Hex/Summ       0%         N/A       100%        5
 Yara's Violent Unravell  Hex/Tmut       0%         3d3       100%        5
 Conjure Ball Lightning   Conj/Air       0%         3x3d6     100%        6
 Death Channel            Necr           0%         N/A       100%        6
 Dispersal                Tloc           0%         N/A       100%        6
 Eringya's Noxious Bog    Tmut/Pois      0%         N/A       100%        6
 Simulacrum               Ice/Necr       0%         N/A       100%        6
 Statue Form              Tmut/Erth      0%         N/A       100%        6
 Summon Cactus Giant      Summ           0%         N/A       100%        6
 Dragon Form              Tmut           0%         N/A       100%        7
 Enfeeble                 Hex            0%         N/A       100%        7
 Haunt                    Necr/Summ      0%         N/A       100%        7
 Malign Gateway           Summ/Tloc      0%         N/A       100%        7
 Monstrous Menagerie      Summ           0%         N/A       100%        7
 Ozocubu's Refrigeration  Ice            0%         4d5       100%        7
 Storm Form               Tmut/Air       0%         N/A       100%        7
 Summon Hydra             Summ           0%         N/A       100%        7
 Discord                  Hex            0%         N/A       100%        8
 Disjunction              Tloc           0%         N/A       100%        8
 Ignition                 Fire           0%         3d3       100%        8
 Maxwell's Capacitive Co  Air            0%         ∞         100%        8
 Summon Horrible Things   Summ           0%         N/A       100%        8
 Chain Lightning          Conj/Air       0%         N/A       100%        9
 Death's Door             Necr           0%         N/A       100%        9
 Dragon's Call            Summ           0%         N/A       100%        9
 Fire Storm               Conj/Fire      0%         5d1       100%        9
 Polar Vortex             Ice            0%         N/A       100%        9
 Shatter                  Erth           0%         3d5*      100%        9


Dungeon Overview and Level Annotations

Branches:
Dungeon (15/15)            Temple (1/1) D:4            Lair (6/6) D:10
 Shoals (4/4) Lair:3        Snake (4/4) Lair:3        Slime (5/5) Lair:6
    Orc (2/2) D:11            Elf (3/3) Orc:2        Vaults (5/5) D:13
  Crypt (3/3) Vaults:3       Tomb (3/3) Crypt:3      Depths (4/4) D:15
   Hell (visited)             Dis (0/7) Hell            Geh (4/7) Hell
    Coc (0/7) Hell            Tar (0/7) Hell            Zot (0/5) Depths:4
Ossuary (visited)          Bailey (visited)          WizLab (visited)
Gauntlet (visited)

Altars:
Ashenzari
Cheibriados
Dithmenos
Elyvilon
Fedhas
Gozag
Hepliaklqana
Kikubaaqudgha
Makhleb
Nemelex Xobeh
Okawaru
Qazlal
Ru
Sif Muna
Trog
Uskayaw
Vehumet
Wu Jian
Xom
Yredelemnul
Zin
The Shining One
Beogh
Jiyva

Shops:
D:3 :((!   D:6 [[   D:7 *   Orc:2 ((*=*   Elf:1 ?*(:!:   Elf:2 [   Elf:3 (
Shoals:1 =   Snake:1 !   Snake:3 (   Vaults:3 =   Vaults:4 (   Vaults:5 :
Depths:1 [[

Portals:
Hell: Depths:1 Depths:2 Depths:3 Depths:4
Abyss: Depths:1 Depths:3
Pandemonium: Depths:2
Ziggurat: Depths:4
Trove: Depths:1 (give 9 potions of haste)

Annotations:
D:4 3 runed translucent doors
D:6 1 transporter, Bediveer's ghost, novice MfMo
Lair:4 exclusion: downstairs
Lair:5 exclusion: downstairs
Snake:4 Roxanne
Slime:1 exclusion: downstairs
Tomb:2 exclusion: bennu


Innate Abilities, Weirdness & Mutations

You are a swirling mass of dark shadows.
You are immune to unholy torment and to willpower attacks.
Damage taken is halved, but you are drained when taking damage.
Your attacks are insubstantial and do half damage.
You bleed smoke when taking damage.
You are invisible.
You are immune to poison.
Your spellcasting is less reliable in this form.
You are small and have problems with some larger weapons.
You are completely attuned to the shadows.
You are agile. (Dex +2)
You expend magic power (3 MP) to strengthen your wands.


Message History

Aim: a demonspawn corrupter, wielding a +0 glaive and wearing a +0 ring mail (moderately wounded, can't see you, umbra, 69% to hit)
You feel a surge of power!
The bolt of acid misses Bafu.
The bolt of acid hits the demonspawn corrupter!!
The acid corrodes the demonspawn corrupter!
The demonspawn corrupter is severely wounded.
Bafu splashes you but does no damage. The ufetubus completely misses you. x2
You block the ufetubus's attack. x2; The soul eater misses you. x2
You block Bafu's attack.
The chaos spawn barks!
You puncture Bafu!
Bafu is almost dead.
You block the ufetubus's attack. The ufetubus completely misses you.
You block the ufetubus's attack. x2; The soul eater completely misses you.
Bafu splashes you!!!
* * * LOW HITPOINT WARNING * * *
You emit a cloud of dark smoke.
You feel drained. Bafu burns you.
You feel much better. You block the ufetubus's attack. x2
The ynoxinul gestures at you.
The iron shot hits the soul eater!!
You block the ufetubus's attack. The ufetubus completely misses you.
The soul eater completely misses you. Bafu completely misses you.
The demonspawn corrupter calls forth creatures from the Abyss!
The soul eater completely misses you. Bafu attacks as you move away!
Bafu splashes you!!!
* * * LOW HITPOINT WARNING * * *
You emit a cloud of dark smoke.
You feel drained. Bafu burns you.
* * * LOW HITPOINT WARNING * * *
You emit a cloud of dark smoke.
You feel drained.
Bafu sneers, "Thy spine shall be my victuals!"
The ufetubus completely misses you. You block the ufetubus's attack.
The soul eater completely misses you. Bafu splashes you.
* * * LOW HITPOINT WARNING * * *
You emit a cloud of dark smoke.
You feel drained.
There is a gate leading to another region of Pandemonium here.
Unknown command.
You feel much better. Bafu splashes you!!
* * * LOW HITPOINT WARNING * * *
You emit a cloud of dark smoke.
You feel drained. You block the soul eater's attack. Bafu splashes you!!!
You die...

....2#.#.........
#..##5.6##..#....
..##554..##......
###..5....##.#..
##.6.###...#
##.e## #..#
##2.3###...
##.53&3§...
..##45eW§..#
##.######### ##


You could see Bafu, a deep elf blademaster (summoned, can't see you), 2 soul
eaters, a ynoxinul (can't see you) and an ufetubus (summoned, can't see you).

Vanquished Creatures
  Dissolution (Slime:3)
  the Royal Jelly (Slime:5)
  Lom Lobon (Pan)
  Khufu (Crypt:2)
  3 ancient liches
  A juggernaut (Depths:3)
  29 royal mummies
  Josephina (Depths:2)
  Bai Suzhen (Crypt:1)
  Sojobo (Crypt:3)
  Saint Roka (Snake:3)
  11 caustic shrikes
  Geryon (Hell)
  Xtahua (Crypt:1)
  A golden dragon (Vaults:5)
  A bone dragon (Crypt:3)
  A profane servitor (Crypt:3)
  6 Tzitzimimeh (Pan)
  A mutant beast (WizLab)
  3 pandemonium lords (Pan)
  4 Brimstone Fiends
  3 tentacled monstrosities
  Zenata (Elf:1)
  4 Hell Sentinels (Pan)
  5 hellephants
  Mlioglotl (Shoals:3)
  Jorgrun (D:12)
  A shard shrike zombie (Crypt:3)
  The ghost of dolemite99 the Severer, an adept DDFi of Elyvilon (Vaults:2)
  5 Ice Fiends (Pan)
  12 liches
  A deep elf blademaster (Elf:3)
  7 titans
  7 searing wretches
  Asterion (Depths:2)
  2 walking frostbound tomes (Depths:3)
  A walking divine tome (Depths:2)
  18 acid blobs
  2 Executioners (Pan)
  Polyphemus (Shoals:2)
  11 sphinxes
  Frances (D:13)
  12 tengu reavers
  Donald (Shoals:2)
  6 storm dragons
  Kirke (Shoals:3)
  13 ancient champions
  4 shadow dragons
  A draconian monk (Depths:4)
  11 azure jellies
  19 fire giants
  12 rockslimes
  Ilsuiw (Shoals:2)
  5 nagarajas
  9 revenants
  3 iron dragons
  Louise (Elf:1)
  3 daevas (Pan)
  3 deep elf sorcerers
  15 frost giants
  2 draconian stormcallers (Depths:4)
  14 balrugs
  Aizul (Depths:1)
  16 vault wardens
  An orc warlord (Vaults:3)
  3 deep elf elementalists (Elf:3)
  19 ironbound preservers
  6 cacodemons
  An angel (Pan)
  7 ironbound thunderhulks
  8 ghouls
  7 quicksilver oozes
  A demonspawn corrupter (Pan)
  A curse skull (Crypt:3)
  12 reapers
  3 draconian annihilators (Pan)
  3 demonspawn blood saints (Pan)
  8 war gargoyles
  16 vampire knights
  19 very ugly things
  7 deep elf demonologists
  22 stone giants
  A bunyip (shapeshifter) (WizLab)
  2 demonspawn black suns (Pan)
  A starcursed mass (Abyss:4)
  2 eleionomae (Shoals:3)
  2 black draconians (Depths:4)
  2 green draconians (Depths:4)
  6 lorocyprocas
  6 bennus (Tomb:2)
  12 dire elephants
  2 minotaurs
  14 deep elf annihilators
  6 spark wasps
  A white draconian (Depths:4)
  2 merfolk javelineers (Shoals:1)
  A red draconian (Depths:4)
  3 eidola
  11 deep elf death magi
  10 blizzard demons
  A crystal guardian (Vaults:4)
  23 jiangshi
  11 green deaths
  16 fire dragons
  21 ettins
  5 merfolk impalers
  22 mummy priests
  A quicksilver dragon zombie (Tomb:1)
  5 deep elf high priests
  11 yaktaur captains
  Fannar (D:11)
  10 great orbs of eyes
  A boulder beetle (D:13)
  2 hell beasts (Pan)
  A caustic shrike simulacrum (Depths:2)
  11 salamander tyrants
  3 peacekeepers
  Harold (D:9)
  22 ice dragons
  5 spriggan air magi
  33 vault guards
  5 hydras
  A rakshasa (Depths:1)
  9 centaur warriors
  8 ironbound frosthearts
  5 merfolk aquamancers
  3 ogre magi
  2 catoblepae
  5 death knights
  3 merfolk avatars (Shoals:4)
  3 stokers
  9 anacondas
  6 two-headed ogres
  An alligator (shapeshifter) (Vaults:5)
  9 deep troll shamans
  6 satyrs
  18 naga warriors
  14 deep troll earth magi
  4 spriggan skeletons
  22 hell hogs
  14 death yaks
  4 thrashing horrors
  33 death scarabs
  8 naga sharpshooters
  5 spriggan berserkers (Depths:3)
  11 vampire magi
  26 dancing weapons
  5 tengu warriors
  Urug (D:11)
  6 orc high priests
  25 soul eaters
  12 shock serpents
  34 sun demons
  18 hell knights
  24 deep elf knights
  Nergalle (Lair:4)
  A sea snake (shapeshifter) (Depths:4)
  4 shadow wraiths
  2 fire crabs (shapeshifter) (WizLab)
  7 salamander mystics
  A wretched star (Abyss:5)
  11 sixfirhies
  43 skeletal warriors
  10 sea snakes
  A bunyip zombie (Crypt:1)
  6 flayed ghosts
  5 iron trolls
  A shadow demon (Pan)
  70 deep trolls
  Lodul (D:13)
  An obsidian statue (Vaults:2)
  23 ironbound convokers
  2 bog bodies
  2 anaconda zombies (Hell)
  9 glowing orange brains
  2 harpies (shapeshifter) (WizLab)
  A wolf spider zombie (D:15)
  11 phantasmal warriors
  15 wizards
  29 harpies
  5 naga ritualists
  41 ugly things
  13 lindwurms
  13 deep elf archers
  9 orc knights
  7 orc sorcerers
  13 mana vipers
  14 necromancers
  A tengu zombie (Vaults:3)
  28 deep elf pyromancers
  34 salamanders
  33 deep elf zephyrmancers
  A goliath frog zombie (Crypt:2)
  24 manticores
  3 shining eyes
  30 fauns
  A worldbinder (Abyss:3)
  Maurice (D:13)
  10 cyclopes
  An iron dragon skeleton (Crypt:1)
  24 vault sentinels
  26 elephants
  2 centaur zombies (D:15)
  An eleionoma skeleton (Crypt:2)
  6 guardian serpents
  9 water nymphs
  10 merfolk sirens
  24 naga magi
  An ice statue (Hell)
  36 black mambas
  A dire elephant skeleton (Crypt:1)
  2 torpor snails (Lair:5)
  36 smoke demons
  A gargoyle (D:12)
  An alligator snapping turtle zombie (Crypt:1)
  8 rust devils
  12 cane toads
  A human zombie (Vaults:3)
  A storm dragon simulacrum (Depths:2)
  6 eyes of devastation
  A minotaur zombie (Crypt:3)
  21 large abominations
  10 orange demons
  A sea snake zombie (Hell)
  A centaur skeleton (D:15)
  A shock serpent skeleton (Crypt:1)
  2 unseen horrors (shapeshifter)
  3 cane toads (shapeshifter) (WizLab)
  2 yaktaurs (shapeshifter)
  5 kobold demonologists
  28 hellions
  7 komodo dragons
  6 tengu conjurers
  2 efreet
  2 demonic crawlers
  A spectral naga (Crypt:3)
  39 yaktaurs
  A rime drake (shapeshifter) (WizLab)
  11 tormentors
  12 hellwings (Pan)
  44 guardian mummies
  A redback zombie (Crypt:1)
  A golden dragon simulacrum (Depths:2)
  2 ice devils
  8 freezing wraiths
  A red devil (Pan)
  3 polar bears (Lair:6)
  2 sea snake skeletons (Hell)
  A black draconian skeleton (Crypt:1)
  2 harpy zombies
  A death yak skeleton (Crypt:2)
  A queen bee (Abyss:5)
  3 trolls
  A wind drake (shapeshifter) (WizLab)
  2 hydra zombies (Hell)
  9 meliai
  A harpy skeleton (Tomb:1)
  2 meliai (shapeshifter) (WizLab)
  A troll (shapeshifter) (D:14)
  A polar bear (shapeshifter) (WizLab)
  3 raiju
  A shadow dragon simulacrum (Depths:1)
  31 merfolk
  4 wind drakes
  A tarantella (shapeshifter) (WizLab)
  14 snapping turtles
  8 blink frogs
  109 slime creatures
  A hornet (shapeshifter) (WizLab)
  A slime creature (shapeshifter) (Vaults:5)
  A dream sheep (shapeshifter) (WizLab)
  3 dream sheep (Shoals:3)
  An ettin skeleton (Vaults:3)
  An ettin zombie (Depths:1)
  4 jumping spiders (shapeshifter) (WizLab)
  A spectral black mamba (Gauntlet)
  An alligator skeleton (Hell)
  An alligator zombie (Hell)
  115 flying skulls
  5 shadows
  A stone giant simulacrum (Depths:2)
  19 water elementals
  14 ynoxinuls
  5 wraiths
  A culicivora (shapeshifter) (WizLab)
  19 ushabtiu
  6 wyverns
  4 air elementals
  4 basilisks
  34 yaks
  A basilisk (shapeshifter) (Depths:2)
  9 golden eyes
  5 golden eyes (shapeshifter)
  A hog (shapeshifter) (D:12)
  4 fire elementals
  A human (D:13)
  10 vampire mosquitoes
  A fire bat (Pan)
  9 neqoxecs (Pan)
  10 chaos spawn (Pan)
  3 wargs
  An iron golem (WizLab)
  A spriggan simulacrum (Depths:2)
  37 nagas
  An acid dragon (D:9)
  A hydra simulacrum (Hell)
  7 floating eyes
  A hell hound (Depths:1)
  A floating eye (shapeshifter) (Depths:3)
  10 water moccasins
  A water moccasin (shapeshifter) (WizLab)
  4 ice beasts
  An ice beast (shapeshifter) (Elf:3)
  38 orc warriors
  Duvessa (D:7)
  3 black bears
  2 sky beasts
  A hornet zombie (D:15)
  A black mamba simulacrum (Crypt:1)
  19 ogres
  An alligator simulacrum (Hell)
  8 wolves
  A boggart (Elf:1)
  13 centaurs
  A snapping turtle skeleton (Crypt:2)
  A swamp dragon skeleton (Crypt:2)
  7 kobold brigands
  5 elf zombies (Ossuary)
  9 small abominations
  8 bullfrogs
  4 gnoll sergeants
  6 necrophages
  2 scorpions (D:4)
  A wyvern zombie (D:7)
  An earth elemental (Elf:3)
  A salamander skeleton (Crypt:1)
  Dowan (D:7)
  9 wights
  A shapeshifter zombie (Crypt:2)
  4 killer bees
  2 human simulacra (Vaults:3)
  4 electric eels (Lair:4)
  2 howler monkeys (D:14)
  A bullfrog zombie (D:7)
  2 hounds
  3 jellies
  24 orc priests
  5 iguanas
  29 orc wizards
  16 hell rats
  3 killer bee zombies (D:7)
  A tengu skeleton (Crypt:1)
  An acid dragon skeleton (Crypt:2)
  2 hound zombies (Ossuary)
  61 mummies
  Robin (D:3)
  19 gnolls
  7 adders
  A steam dragon skeleton (Crypt:2)
  2 shadow imps
  3 white imps
  An ufetubus (D:6)
  A worm zombie (Crypt:1)
  3 adder zombies (Ossuary)
  2 worms (D:2)
  3 dart slugs
  70 orcs
  8 ball pythons
  6 endoplasms
  3 giant cockroaches
  2 gnoll zombies (Ossuary)
  28 goblins
  8 hobgoblins
  6 jackals
  5 quokkas
  3 training dummies (Elf:3)
  3 bats
  3 frilled lizards
  A giant cockroach zombie (Crypt:2)
  4 goblin zombies (Ossuary)
  3 hobgoblin zombies (Ossuary)
  9 jackal zombies
  37 kobolds
  2 kobold zombies (Ossuary)
  2 orc zombies (Ossuary)
  A quokka zombie (Ossuary)
  8 rats
  4 rat zombies (Ossuary)
  A spectral hobgoblin (D:1)
  A ball lightning (Pan)
  A creeping inferno (Hell)
  6 fire vortices
3201 creatures vanquished.

Vanquished Creatures (collateral kills)
  A pandemonium lord (Pan)
  An acid blob (Slime:5)
  An ironbound preserver (Vaults:5)
  2 mummy priests
  A wizard (Gauntlet)
  An orc sorcerer (Orc:2)
  An ushabti (Tomb:3)
  An orc priest (D:8)
  2 mummies (Tomb:2)
  2 shadow imps (Gauntlet)
  A white imp (Gauntlet)
  2 orcs (D:8)
16 creatures vanquished.

Vanquished Creatures (others)
  A royal mummy (Tomb:3)
  A storm dragon (Vaults:5)
  2 rockslimes (Slime:5)
  A fire giant (Depths:2)
  A demonspawn blood saint (Pan)
  A deep elf annihilator (Elf:3)
  A deep elf death mage (Elf:3)
  2 green deaths (Pan)
  2 deep elf knights
  A sixfirhy (Pan)
  A deep elf pyromancer (Vaults:5)
  3 smoke demons (Pan)
  3 ushabtiu (Tomb:3)
  3 fire bats (Pan)
  A naga (Snake:3)
  An orc priest (Orc:2)
  A hell rat (Hell)
  5 ball lightnings
  A bush (Shoals:1)
  39 fungi
  95 plants
  2 starspawn tentacles (Abyss:4)
  A withered plant (D:7)
169 creatures vanquished.

Grand Total: 3386 creatures vanquished

Notes
Turn   | Place    | Note
-------+----------+-------------------------------------------
     0 | D:1      | holysushi the Kobold Artificer began the quest for the Orb.
     0 | D:1      | Reached XP level 1. HP: 12/12 MP: 1/1
    47 | D:1      | Found a faded altar of an unknown god.
   886 | D:1      | Reached XP level 2. HP: 16/17 MP: 2/2
  1475 | D:1      | Reached skill level 1 in Short Blades
  1934 | D:1      | Reached XP level 3. HP: 22/22 MP: 3/3
  2728 | D:2      | Reached XP level 4. HP: 27/27 MP: 4/4
  3652 | D:3      | Found Roxorum's Antique Weapon Boutique.
  3657 | D:3      | Reached XP level 5. HP: 31/31 MP: 5/5
  3658 | D:3      | Noticed an ice beast
  3665 | D:3      | Killed an ice beast
  3666 | D:3      | Reached XP level 6. HP: 36/36 MP: 6/6
  3683 | D:3      | Found Deruul's Weapon Shoppe.
  3769 | D:3      | Found Leoxarr's Book Shoppe.
  3852 | D:3      | Found Iduoteon's Distillery.
  3857 | D:3      | Bought a potion of invisibility for 104 gold pieces
  3904 | D:3      | Noticed Robin
  3930 | D:3      | Killed Robin
  4034 | D:3      | Found a basalt altar of Yredelemnul.
  4484 | D:4      | Reached XP level 7. HP: 8/40 MP: 7/7
  5052 | D:4      | Found a radiant altar of Vehumet.
  5053 | D:4      | Found a sparkling altar of Nemelex Xobeh.
  5054 | D:4      | Found a snail-covered altar of Cheibriados.
  5062 | D:4      | Found a bloodstained altar of Trog.
  5178 | D:4      | Found a staircase to the Ecumenical Temple.
  5282 | D:4      | Found a runed translucent gate.
  5282 | D:4      | Found a runed translucent gate.
  5282 | D:4      | Found a runed translucent gate.
  5335 | Temple   | Entered the Ecumenical Temple
  5421 | Temple   | Became a worshipper of Dithmenos the Shadowed
  5854 | D:5      | Entered Level 5 of the Dungeon
  5923 | D:5      | Reached skill level 10 in Short Blades
  5931 | D:5      | Reached XP level 8. HP: 22/45 MP: 8/8
  6475 | D:5      | You fall into a shaft and drop 1 floor!
  6476 | D:6      | Found Vusare's Antique Armour Shoppe.
  6525 | D:6      | Reached * piety under Dithmenos
  6593 | D:6      | Noticed Bediveer's ghost (novice MfMo)
  6594 | D:6      | Found a transporter.
  6595 | D:6      | Identified the +5 dire flail "Undertaker" {antimagic,
                  | Contam Str-2 Int+8 SInv}
  6933 | D:6      | Reached XP level 9. HP: 52/52 MP: 9/9
  6938 | D:6      | Reached skill level 5 in Stealth
  7079 | D:6      | Found Rammanu's Dragon-Slaying Spoils.
  7326 | D:7      | Reached skill level 5 in Dodging
  7379 | D:7      | Noticed Duvessa
  7380 | D:7      | Noticed Dowan
  7388 | D:7      | Killed Duvessa
  7389 | D:7      | Reached skill level 5 in Fighting
  7394 | D:7      | Killed Dowan
  7589 | D:7      | Found Juvvul's Assorted Antiques.
  7842 | D:7      | Found a sand-covered staircase.
  7848 | Ossuary  | Entered an ossuary
  7906 | Ossuary  | Reached ** piety under Dithmenos
  8123 | Ossuary  | Reached *** piety under Dithmenos
  8459 | D:7      | Reached XP level 10. HP: 60/60 MP: 10/10
  8643 | D:7      | Bought a scroll of enchant weapon for 202 gold pieces
  8643 | D:7      | Bought a wand of flame (13) for 27 gold pieces
  9331 | D:8      | Noticed a two-headed ogre
  9335 | D:8      | Killed a two-headed ogre
 10183 | D:9      | Noticed a cyclops
 10280 | D:9      | Killed a cyclops
 10508 | D:9      | Noticed a manticore
 10513 | D:9      | Killed a manticore
 10514 | D:9      | Reached XP level 11. HP: 68/68 MP: 11/11
 10516 | D:9      | Noticed a centaur warrior
 10516 | D:9      | Noticed a manticore
 10516 | D:9      | Noticed a two-headed ogre
 10721 | D:9      | Noticed a two-headed ogre
 10746 | D:9      | Killed a two-headed ogre
 10747 | D:9      | Reached skill level 10 in Dodging
 10754 | D:9      | Reached **** piety under Dithmenos
 10778 | D:9      | Killed a two-headed ogre
 10784 | D:9      | Killed a centaur warrior
 10838 | D:9      | Killed a manticore
 10844 | D:9      | Noticed Harold
 10854 | D:9      | Killed Harold
 11083 | D:9      | Found a shimmering altar of Xom.
 11085 | D:9      | Found a shimmering altar of Xom.
 11086 | D:9      | Found a shimmering altar of Xom.
 11150 | D:10     | Entered Level 10 of the Dungeon
 11167 | D:10     | Found a large runed translucent door.
 11167 | D:10     | Found a large runed translucent door.
 11248 | D:10     | Noticed a two-headed ogre
 11252 | D:10     | Killed a two-headed ogre
 11258 | D:10     | Found a broken altar of Ashenzari.
 11291 | D:10     | Found a staircase to the Lair.
 11556 | D:10     | Found a flagged portal.
 11566 | Bailey   | Entered a bailey
 11638 | Bailey   | Noticed an orc knight
 11641 | Bailey   | Killed an orc knight
 11676 | Bailey   | Acquired the ring "Ocoq" {rPois rC+++ Will+ Str-4 Int+3
                  | Stlth-}
 11862 | Bailey   | Found an iron altar of Okawaru.
 11863 | Bailey   | Noticed an orc sorcerer
 11863 | Bailey   | Noticed an orc high priest
 12026 | Bailey   | Killed an orc high priest
 12027 | Bailey   | Reached XP level 12. HP: 57/73 MP: 12/12
 12105 | Bailey   | Identified the +7 flail "Cuet" {vorpal, MP+9 Str+4}
 12116 | Bailey   | Reached skill level 15 in Dodging
 12537 | D:10     | Found an opulent altar of Gozag.
 12541 | D:10     | Reached ***** piety under Dithmenos
 12547 | D:10     | Found a white marble altar of Elyvilon.
 12597 | Lair:1   | Entered Level 1 of the Lair of Beasts
 12953 | Lair:1   | Found a glowing silver altar of Zin.
 13593 | Lair:2   | Found a gate leading to a gauntlet.
 13748 | Gauntlet | Entered a Gauntlet
 13752 | Gauntlet | Noticed a death scarab
 13757 | Gauntlet | Found a large runed translucent door.
 13758 | Gauntlet | Found a large runed translucent door.
 13759 | Gauntlet | Found a large runed translucent door.
 13759 | Gauntlet | Found a large runed translucent door.
 13760 | Gauntlet | Found a large runed translucent door.
 13761 | Gauntlet | Found a large runed translucent door.
 13762 | Gauntlet | Found a large runed translucent door.
 13762 | Gauntlet | Found a large runed translucent door.
 13771 | Gauntlet | Found a runed translucent gate.
 13782 | Gauntlet | Noticed a sixfirhy
 13787 | Gauntlet | Found a transporter.
 13791 | Gauntlet | Noticed a sixfirhy
 13796 | Gauntlet | Noticed a sixfirhy
 13813 | Gauntlet | Found a large runed translucent door.
 13813 | Gauntlet | Found a large runed translucent door.
 13814 | Gauntlet | Found a large runed translucent door.
 13815 | Gauntlet | Found a large runed translucent door.
 13816 | Gauntlet | Found a large runed translucent door.
 13816 | Gauntlet | Found a large runed translucent door.
 13817 | Gauntlet | Found a large runed translucent door.
 13818 | Gauntlet | Found a large runed translucent door.
 13839 | Gauntlet | Found a transporter.
 13853 | Gauntlet | Found a transporter.
 13903 | Gauntlet | Found a transporter.
 13925 | Gauntlet | Found a transporter.
 13925 | Gauntlet | Found a transporter.
 13940 | Gauntlet | Found a transporter.
 13940 | Gauntlet | Found a transporter.
 13977 | Gauntlet | Killed a death scarab
 14059 | Gauntlet | Found a transporter.
 14063 | Gauntlet | Found a transporter.
 14068 | Gauntlet | Found a runed translucent door.
 14068 | Gauntlet | Found a runed translucent door.
 14072 | Gauntlet | Found a runed translucent gate.
 14072 | Gauntlet | Found a runed translucent gate.
 14074 | Gauntlet | Found a transporter.
 14131 | Gauntlet | Found a transporter.
 14153 | Gauntlet | Killed a sixfirhy
 14158 | Gauntlet | Killed a sixfirhy
 14164 | Gauntlet | Killed a sixfirhy
 14179 | Gauntlet | Identified the +1 helmet of the Snake Pit {rC+++ rN+++
                  | Int-4 Slay-2}
 14245 | Gauntlet | Noticed a minotaur
 14254 | Gauntlet | Killed a minotaur
 15193 | Lair:3   | Reached XP level 13. HP: 57/78 MP: 13/13
 15527 | Lair:3   | Found a staircase to the Snake Pit.
 15579 | Lair:3   | Noticed a seven-headed hydra
 15583 | Lair:3   | Killed a seven-headed hydra
 15728 | Lair:3   | Found a staircase to the Shoals.
 16057 | Lair:3   | You fall into a shaft and drop 2 floors!
 16103 | Lair:5   | Noticed a four-headed hydra
 16107 | Lair:5   | Killed a four-headed hydra
 16225 | Lair:5   | Reached skill level 10 in Stealth
 16315 | Lair:5   | Found a snail-covered altar of Cheibriados.
 16404 | Lair:5   | Noticed a six-headed hydra
 16507 | Lair:4   | Noticed Nergalle
 16655 | Lair:4   | Killed Nergalle
 17824 | Lair:4   | Reached XP level 14. HP: 56/86 MP: 14/14
 19177 | Lair:5   | Reached skill level 10 in Fighting
 19398 | Lair:6   | Entered Level 6 of the Lair of Beasts
 19484 | Lair:6   | Found a staircase to the Slime Pits.
 19487 | Lair:6   | Reached ****** piety under Dithmenos
 19640 | Lair:6   | Identified the amulet of Oxied {Acrobat rElec Str+10
                  | Stlth+}
 20633 | Lair:6   | Noticed a dire elephant
 20651 | Lair:6   | Killed a dire elephant
 20959 | Lair:6   | Reached XP level 15. HP: 91/95 MP: 15/15
 21586 | D:11     | Found a staircase to the Orcish Mines.
 21612 | Orc:1    | Entered Level 1 of the Orcish Mines
 21818 | Orc:2    | Entered Level 2 of the Orcish Mines
 21920 | Orc:2    | Found Vuqi's Weapon Emporium.
 22658 | Orc:2    | Found a staircase to the Elven Halls.
 23047 | Orc:2    | Reached skill level 15 in Stealth
 23325 | Orc:2    | Found Boacayt's General Store.
 23326 | Orc:2    | Found Woefughoe's General Store.
 23338 | Orc:2    | Bought a wand of iceblast (4) for 112 gold pieces
 23338 | Orc:2    | Bought a scroll of enchant armour for 105 gold pieces
 23365 | Orc:2    | HP: 3/96 [ice devil[an orc high priest] (8)]
 24136 | Orc:2    | Found Cien's Weapon Boutique.
 24138 | Orc:2    | Found Sewiz's Jewellery Shoppe.
 24183 | Orc:2    | Bought the +2 pair of boots "Qilaxtiv" {rN+ Will+ Str+3
                  | Int-5} for 352 gold pieces
 24190 | Orc:2    | Bought a condenser vane for 520 gold pieces
 24420 | Snake:1  | Entered Level 1 of the Snake Pit
 24647 | Snake:1  | Reached skill level 5 in Evocations
 25161 | Snake:1  | Found Zuitsol's Distillery.
 25166 | Snake:1  | Bought a potion of heal wounds for 60 gold pieces
 25166 | Snake:1  | Bought a potion of heal wounds for 60 gold pieces
 25166 | Snake:1  | Bought a potion of haste for 120 gold pieces
 25212 | Snake:1  | Found a shimmering blue altar of Sif Muna.
 26271 | Snake:2  | Reached XP level 16. HP: 101/101 MP: 16/16
 26733 | Snake:2  | Noticed a nagaraja
 28511 | Snake:2  | Killed a nagaraja
 28614 | Snake:2  | Noticed a nagaraja
 28624 | Snake:2  | Noticed a nagaraja
 28625 | Snake:2  | Killed a nagaraja
 28815 | Snake:2  | Killed a nagaraja
 29018 | Snake:3  | Reached skill level 10 in Evocations
 29674 | Snake:3  | Identified the +3 leather armour of Compression {Stlth+}
 30551 | Snake:3  | Reached XP level 17. HP: 106/106 MP: 17/17
 30881 | Snake:3  | Noticed Saint Roka
 30994 | Snake:3  | Killed Saint Roka
 31413 | Snake:3  | Found Zamm's Antique Weapon Shop.
 31486 | Snake:4  | Entered Level 4 of the Snake Pit
 31890 | Snake:4  | Noticed Roxanne
 32025 | Snake:4  | Identified the ring "Rypuywuo" {Wiz Fly}
 32250 | Snake:4  | Reached skill level 5 in Invocations
 33144 | Snake:4  | Got a serpentine rune of Zot
 33402 | Shoals:1 | Entered Level 1 of the Shoals
 33492 | Shoals:1 | Reached XP level 18. HP: 113/113 MP: 23/23
 33567 | Shoals:1 | Found Diohaet's Jewellery Boutique.
 34936 | Shoals:1 | Found a hide-covered altar of Uskayaw.
 34989 | Shoals:2 | Noticed Ilsuiw
 34996 | Shoals:2 | Killed Ilsuiw
 35509 | Shoals:2 | Noticed Polyphemus
 35519 | Shoals:2 | Noticed Donald
 35522 | Shoals:2 | Killed Donald
 35538 | Shoals:2 | Killed Polyphemus
 35539 | Shoals:2 | Reached skill level 10 in Invocations
 35871 | Shoals:2 | Got Yluet's Handbook of the Monkey
 37145 | Shoals:3 | Reached XP level 19. HP: 117/120 MP: 27/27
 37511 | Shoals:3 | Noticed Mlioglotl
 37516 | Shoals:3 | Killed Mlioglotl
 37519 | Shoals:3 | Noticed Kirke
 37531 | Shoals:3 | Killed Kirke
 37716 | Shoals:4 | Entered Level 4 of the Shoals
 38040 | Shoals:4 | Reached skill level 15 in Short Blades
 38364 | Shoals:4 | Identified the +0 robe "Gicw" {-Tele Rampage rElec Regen+}
 39483 | Shoals:4 | Identified the amulet "Yhyv Pel" {Regen+ Str+4 Dex+3}
 39593 | Shoals:4 | Got a barnacled rune of Zot
 39899 | Orc:2    | Upgraded the game from 0.29-a0-414-g5075937ec3 to
                  | 0.29-a0-416-g83a48905f1
 40412 | D:11     | Noticed Urug
 40417 | D:11     | Killed Urug
 40426 | D:11     | Noticed Fannar
 40430 | D:11     | Killed Fannar
 40765 | D:12     | Noticed Jorgrun
 40769 | D:12     | Killed Jorgrun
 41428 | D:12     | Acquired 1031 gold pieces
 41813 | D:13     | Noticed Maurice
 41817 | D:13     | Killed Maurice
 42085 | D:13     | Noticed Lodul
 42100 | D:13     | Killed Lodul
 42574 | D:13     | Noticed Frances
 42585 | D:13     | Killed Frances
 42586 | D:13     | Reached skill level 15 in Fighting
 42636 | D:13     | Identified the +7 dagger of Unpleasantness {vorpal, rElec
                  | Will+ Str+4}
 42852 | D:13     | Found a gate to the Vaults.
 42857 | D:13     | Reached XP level 20. HP: 129/129 MP: 29/29
 44032 | D:15     | Entered Level 15 of the Dungeon
 44198 | D:15     | Identified the +1 chain mail of Beauty {rC- rCorr Str+9}
 45133 | D:15     | Found a staircase to the Depths.
 45690 | Elf:1    | Entered Level 1 of the Elven Halls
 45820 | Elf:1    | Found Gela Vex's Distillery.
 45926 | Elf:1    | Found Hedig's Self-Improvement Boutique.
 45937 | Elf:1    | Identified the +8 dagger of the Globe {protect, Will- Int+5
                  | SInv}
 46050 | Elf:1    | Found Zogocibo's Antique Weapon Shop.
 46060 | Elf:1    | Found Icemint's Assorted Antiques.
 46319 | Elf:1    | Found Turaipt's Magic Scroll Shoppe.
 46324 | Elf:1    | Bought a scroll of teleportation for 45 gold pieces
 46324 | Elf:1    | Bought a scroll of teleportation for 45 gold pieces
 46410 | Elf:1    | Noticed Louise
 46425 | Elf:1    | Killed Louise
 46593 | Elf:1    | Noticed Zenata
 46598 | Elf:1    | Found Dugidd's Book Emporium.
 46614 | Elf:1    | Killed Zenata
 47193 | Elf:2    | Reached XP level 21. HP: 113/137 MP: 30/30
 47474 | Elf:2    | Found Agiellamed's Antique Armour Shoppe.
 47598 | Elf:2    | Found a huge runed translucent gate.
 47598 | Elf:2    | Found a huge runed translucent gate.
 47598 | Elf:2    | Found a huge runed translucent gate.
 47598 | Elf:2    | Found a huge runed translucent gate.
 47598 | Elf:2    | Found a huge runed translucent gate.
 48236 | Elf:3    | Entered Level 3 of the Elven Halls
 48345 | Elf:3    | Found Qowieq's Firing Range.
 49308 | Elf:3    | Reached skill level 15 in Invocations
 49441 | Elf:3    | Identified the +4 scale mail of Weirdness {+Inv rElec
                  | Will+++ Stlth-}
 49760 | Elf:3    | Identified the ring of the Furies {rElec rC- Str+5 Int+4
                  | Slay+4}
 50709 | Vaults:1 | Entered Level 1 of the Vaults
 50725 | D:13     | Reached skill level 1 in Armour
 51578 | Slime:1  | Entered Level 1 of the Pits of Slime
 52202 | Slime:1  | Reached XP level 22. HP: 131/144 MP: 33/33
 53288 | Slime:3  | Noticed Dissolution
 53290 | Slime:3  | Killed Dissolution
 53501 | Slime:5  | Entered Level 5 of the Pits of Slime
 53590 | Slime:5  | Noticed the Royal Jelly
 53591 | Slime:5  | Found a viscous altar of Jiyva.
 53672 | Slime:5  | Reached skill level 5 in Armour
 55494 | Slime:5  | Killed the Royal Jelly
 58454 | Slime:5  | Got a slimy rune of Zot
 58455 | Slime:5  | Identified the +1 pair of gloves of the Leaf {Harm Regen+
                  | Slay+3 Stlth-}
 59262 | Elf:1    | Bought a scroll of enchant weapon for 112 gold pieces
 59578 | Depths:1 | Entered Level 1 of the Depths
 59662 | D:15     | HP: 4/103 [deep troll earth mage/blast of crystal shards
                  | (32)]
 60593 | Depths:1 | Found a portal to a secret trove of treasure.
 61799 | Vaults:1 | Reached XP level 23. HP: 150/150 MP: 36/36
 64247 | Vaults:2 | Found a gateway to a bazaar.
 64388 | Bazaar   | Entered a bazaar
 64397 | Bazaar   | Found Maq Wanavonn's Weapon Shoppe.
 64407 | Bazaar   | Found Ponkaem's Armour Boutique.
 64417 | Bazaar   | Found Buanleb's Book Emporium.
 64459 | Bazaar   | Found Xaagri's Armour Boutique.
 65119 | Vaults:2 | Found a runed translucent gate.
 65119 | Vaults:2 | Found a runed translucent gate.
 65119 | Vaults:2 | Found a runed translucent gate.
 65121 | Vaults:2 | Found an opulent altar of Gozag.
 65505 | Vaults:2 | Noticed dolemite99's ghost (adept DDFi)
 65735 | Vaults:2 | Killed dolemite99's ghost
 66233 | Vaults:3 | Identified the +5 ring mail of Farr {rElec Int+6}
 66312 | Vaults:3 | Got the Incunabulum of Classification
 66618 | Vaults:3 | Reached XP level 24. HP: 136/157 MP: 36/36
 66805 | Vaults:3 | Found a staircase to the Crypt.
 67349 | Vaults:3 | Found Cuc Rah's Jewellery Boutique.
 68140 | Vaults:4 | Identified the +7 great mace of Honour {freeze, rF+ Dex+2}
 69893 | Vaults:4 | Found Neugh's Antique Weapon Boutique.
 69907 | Vaults:4 | Bought a shimmering dagger for 161 gold pieces
 69907 | Vaults:4 | Identified the +9 dagger "Areih" {drain, rElec rF+ Will-
                  | Stlth+} (You bought it in a shop on level 4 of the Vaults)
 70258 | Vaults:5 | Entered Level 5 of the Vaults
 71037 | Vaults:4 | Reached skill level 27 in Dodging
 72070 | Vaults:5 | Noticed an ancient lich
 72431 | Vaults:4 | Reached XP level 25. HP: 60/120 MP: 36/36
 73960 | Vaults:4 | Found Neugh's Antique Weapon Boutique.
 75253 | Vaults:5 | Killed an ancient lich
 76327 | Vaults:5 | Reached skill level 10 in Armour
 76630 | Vaults:5 | Identified the +1 robe of Jidumaun {rElec rPois rC-
                  | Will+++}
 77734 | Vaults:5 | Got a silver rune of Zot
 78335 | Vaults:5 | Got Qarri's Papyrus of the Arsonist
 78337 | Vaults:5 | Identified the +4 ring mail of Whack-A-Mole {Int+6}
 78614 | Vaults:5 | Found Hauste's Book Boutique.
 78793 | Crypt:1  | Entered Level 1 of the Crypt
 78826 | Crypt:1  | Found a magical portal.
 78832 | WizLab   | Entered Cigotuvi's Fleshworks
 79037 | WizLab   | Found the -2 hat of the Alchemist {rElec rPois rF+ rC+ rN+
                  | Will+ rMut rCorr}
 79116 | WizLab   | Got Cigotuvi's Reference Book on Transmigration and Dark
                  | Rituals
 79527 | Crypt:1  | Reached XP level 26. HP: 171/171 MP: 36/36
 79533 | Crypt:1  | Noticed Xtahua
 79538 | Crypt:1  | Killed Xtahua
 80466 | Crypt:1  | Got the Reference Book on Unholy Rituals
 81387 | Crypt:2  | Noticed an ancient lich
 81419 | Crypt:2  | Killed an ancient lich
 81778 | Crypt:2  | Got the Guide on the Traveller and Bewitchment
 81785 | Crypt:2  | Found the +6 Majin-Bo {vamp, MP+6 Int+6}
 82072 | Crypt:2  | Noticed Khufu
 82072 | Crypt:2  | Noticed a royal mummy
 82077 | Crypt:2  | Killed Khufu
 82078 | Crypt:2  | Killed a royal mummy
 82600 | Crypt:2  | Noticed Bai Suzhen
 82634 | Crypt:1  | Killed Bai Suzhen
 82836 | Crypt:3  | Entered Level 3 of the Crypt
 83067 | Crypt:3  | Noticed Sojobo
 83070 | Crypt:3  | Killed Sojobo
 83214 | Crypt:3  | Found an ancient bone altar of Kikubaaqudgha.
 84018 | Crypt:3  | Reached XP level 27. HP: 184/184 MP: 36/36
 84077 | Crypt:3  | Identified the ring of Asmiygio {rPois Will+}
 84411 | Crypt:3  | Identified the +0 ring mail of the Snake Pit {rPois}
 84463 | Crypt:3  | Identified the ring "Xulitisk" {Fire rN+}
 85274 | Crypt:3  | Found the +7 great mace "Undeadhunter" {disrupt, rN+}
 85368 | Crypt:3  | Found a staircase to the Tomb.
 86344 | Depths:1 | Found a gateway to Hell.
 86357 | Depths:1 | Gained mutation: You are frail. (-10% HP) [a shining eye]
 86360 | Depths:1 | Gained mutation: Your system is resistant to poisons.
                  | (rPois) [a shining eye]
 86506 | D:15     | Lost mutation: You are frail. (-10% HP) [potion of
                  | mutation]
 86506 | D:15     | Lost mutation: Your system is resistant to poisons. (rPois)
                  | [potion of mutation]
 86506 | D:15     | Gained mutation: You occasionally shout uncontrollably at
                  | your foes. [potion of mutation]
 86506 | D:15     | Gained mutation: You possess an exceptional clarity of
                  | mind. [potion of mutation]
 86507 | D:15     | Lost mutation: You possess an exceptional clarity of mind.
                  | [potion of mutation]
 86507 | D:15     | Lost mutation: You occasionally shout uncontrollably at
                  | your foes. [potion of mutation]
 86507 | D:15     | Gained mutation: You are agile. (Dex +2) [potion of
                  | mutation]
 86507 | D:15     | Gained mutation: You expend magic power (3 MP) to
                  | strengthen your wands. [potion of mutation]
 86812 | Orc:2    | Bought a +4 ring of slaying for 936 gold pieces
 87902 | Depths:1 | Noticed Aizul
 87906 | Depths:1 | Killed Aizul
 88069 | Depths:1 | Found Teshonle's Armour Shop.
 88220 | Depths:1 | Found Wumed's Antique Armour Boutique.
 88225 | Depths:1 | Bought a pair of runed gloves for 232 gold pieces
 88225 | Depths:1 | Bought a pair of embroidered gloves for 232 gold pieces
 88416 | Depths:1 | Found a one-way gate to the infinite horrors of the Abyss.
 88464 | Depths:1 | Acquired 1097 gold pieces
 89082 | Depths:2 | Identified the ring "Kofyf" {Ice Drain rPois Str+2}
 89082 | Depths:2 | Noticed Josephina
 89105 | Depths:2 | Killed Josephina
 89178 | Depths:2 | Found a one-way gate leading to the halls of Pandemonium.
 89373 | Depths:2 | Noticed Asterion
 89378 | Depths:2 | Killed Asterion
 89504 | Depths:2 | Reached skill level 15 in Evocations
 90587 | Depths:2 | Reached skill level 1 in Shields
 91691 | Depths:3 | Reached skill level 5 in Shields
 92016 | Depths:3 | Acquired the ring of the Orange Skies {rF+ rC+ EV+4 Int+4}
 92065 | Depths:3 | Noticed a juggernaut
 92071 | Depths:3 | Killed a juggernaut
 92557 | Depths:4 | Entered Level 4 of the Depths
 92709 | Depths:4 | Found a gate to the Realm of Zot.
 92976 | Depths:4 | Found a one-way gateway to a ziggurat.
 93226 | Depths:4 | Found a blossoming altar of Fedhas.
 94023 | Depths:4 | Reached skill level 10 in Shields
 94101 | Depths:3 | Voluntarily entered the Abyss.
 94355 | Abyss:2  | Found a basalt altar of Yredelemnul.
 95011 | Abyss:5  | Entered Level 5 of the Abyss
 95040 | Abyss:5  | Reached skill level 27 in Stealth
 95040 | Abyss:5  | Got an abyssal rune of Zot
 95165 | Depths:3 | Escaped the Abyss
 95207 | Hell     | Entered the Vestibule of Hell
 95207 | Hell     | Noticed Geryon
 95215 | Hell     | Killed Geryon
 95259 | Hell     | Found a gateway to the freezing wastes of Cocytus.
 95603 | Hell     | Found a gateway to the decaying netherworld of Tartarus.
 96151 | Hell     | Found a gateway to the ashen valley of Gehenna.
 96408 | Hell     | Found a gateway to the Iron City of Dis.
 96660 | Pan      | Entered Pandemonium
 96997 | Pan      | Noticed Yfuemou the pandemonium lord
 97095 | Pan      | Killed Yfuemou the pandemonium lord
 97498 | Pan      | Found an exit through the horrors of the Abyss.
 97870 | Pan      | Entered the realm of Lom Lobon.
 99122 | Pan      | Noticed Lom Lobon
 99129 | Pan      | Killed Lom Lobon
 99154 | Pan      | Got a magical rune of Zot
 99653 | Pan      | Found a runed translucent door.
 99721 | Pan      | Found a runed translucent door.
 99744 | Pan      | Found a runed translucent door.
 99758 | Pan      | Found a runed translucent door.
100517 | Pan      | Noticed Gowoygun the pandemonium lord
100531 | Pan      | Killed Gowoygun the pandemonium lord
100743 | Pan      | Identified the +10 spear "Vojese" {venom, Contam +Blink
                  | rN+}
100824 | Pan      | Noticed Paschikel the pandemonium lord
101065 | Pan      | Killed Paschikel the pandemonium lord
101070 | Pan      | Got a demonic rune of Zot
101071 | Pan      | Identified the +5 morningstar "Xeunt" {flame, rElec}
101072 | Pan      | Identified the +1 leather armour of Compassion {Rampage
                  | rCorr Int-3 Dex+3}
101499 | Pan      | Noticed Amiachoi the pandemonium lord
101846 | Pan      | Killed Amiachoi the pandemonium lord
102238 | Depths:2 | Escaped Pandemonium
102590 | Tomb:1   | Entered Level 1 of the Tomb of the Ancients
102707 | Tomb:1   | Noticed a royal mummy
103693 | Tomb:1   | Killed a royal mummy
103694 | Tomb:1   | Reached skill level 15 in Shields
103803 | Tomb:1   | Noticed a royal mummy
103807 | Tomb:1   | Killed a royal mummy
104057 | Tomb:2   | Noticed a royal mummy
104060 | Tomb:2   | Killed a royal mummy
104073 | Tomb:2   | Noticed a royal mummy
104077 | Tomb:2   | Killed a royal mummy
104103 | Tomb:2   | Noticed a royal mummy
104107 | Tomb:2   | Killed a royal mummy
104134 | Tomb:2   | Noticed a royal mummy
104138 | Tomb:2   | Killed a royal mummy
104642 | Tomb:1   | Noticed a royal mummy
104645 | Tomb:1   | Killed a royal mummy
104667 | Tomb:1   | Noticed a royal mummy
104668 | Tomb:1   | Noticed a royal mummy
104670 | Tomb:1   | Killed a royal mummy
104672 | Tomb:1   | Killed a royal mummy
104681 | Tomb:1   | Noticed a royal mummy
104684 | Tomb:1   | Noticed a royal mummy
104684 | Tomb:1   | Killed a royal mummy
104685 | Tomb:1   | Noticed a royal mummy
104687 | Tomb:1   | Killed a royal mummy
104689 | Tomb:1   | Killed a royal mummy
104793 | Tomb:1   | Noticed a royal mummy
104798 | Tomb:1   | Killed a royal mummy
104804 | Tomb:1   | Noticed a royal mummy
104827 | Tomb:1   | Killed a royal mummy
104894 | Tomb:1   | Noticed a royal mummy
104984 | Tomb:1   | Killed a royal mummy
105048 | Tomb:1   | Noticed a royal mummy
105125 | Tomb:1   | Killed a royal mummy
105283 | Tomb:1   | Noticed a royal mummy
105291 | Tomb:1   | Killed a royal mummy
105305 | Tomb:1   | Noticed a royal mummy
105312 | Tomb:1   | Killed a royal mummy
105346 | Tomb:1   | Noticed a royal mummy
105460 | Tomb:1   | Reached skill level 27 in Short Blades
105535 | Tomb:1   | Noticed a royal mummy
105542 | Tomb:1   | Killed a royal mummy
105680 | Tomb:1   | Killed a royal mummy
105849 | Tomb:1   | Identified the +1 scale mail of the Sturgeon {rC+ Will+
                  | MP+9 Str-4}
106085 | Tomb:3   | Entered Level 3 of the Tomb of the Ancients
106099 | Tomb:3   | Found the +2 hat of the Bear Spirit {Spirit, *Rage Will++}
106103 | Tomb:3   | Identified the +3 scale mail "Roplell" {rC+}
106106 | Tomb:3   | Found the macabre finger necklace {rN+}
106114 | Tomb:3   | Identified the +4 falchion of Xiufru {holy, rElec rC- Str+4
                  | Int+8}
106144 | Tomb:3   | Noticed a royal mummy
106145 | Tomb:3   | Killed a royal mummy
106158 | Tomb:3   | Noticed a royal mummy
106159 | Tomb:3   | Killed a royal mummy
106164 | Tomb:3   | Noticed a royal mummy
106217 | Tomb:3   | Killed a royal mummy
106219 | Tomb:3   | Noticed a royal mummy
106247 | Tomb:3   | Noticed a royal mummy
106278 | Tomb:3   | Killed a royal mummy
106283 | Tomb:3   | Noticed a royal mummy
106302 | Tomb:3   | Noticed a royal mummy
106310 | Tomb:3   | Killed a royal mummy
106358 | Tomb:3   | Killed a royal mummy
106401 | Tomb:3   | Noticed a royal mummy
106401 | Tomb:3   | Noticed a royal mummy
106432 | Tomb:3   | Killed a royal mummy
106438 | Tomb:3   | Killed a royal mummy
106504 | Tomb:3   | Got the Papyrus of Calling
106507 | Tomb:3   | Identified the ring "Wemees" {+Blink rPois Will+ Int-4}
106523 | Tomb:3   | Identified the +4 flail of Neamous {freeze, rF+ rN+ Dex+4}
106776 | Tomb:3   | Killed a royal mummy
106783 | Tomb:3   | Acquired the +0 pair of boots of Biusit {Will+ rCorr Int+2
                  | Dex+3}
107138 | Tomb:3   | Got a golden rune of Zot
107865 | Geh:1    | Entered Level 1 of Gehenna
108428 | Geh:2    | Noticed a dread lich
108442 | Geh:2    | Noticed an ancient lich
108444 | Geh:2    | Killed an ancient lich
109170 | Pan      | Entered Pandemonium
109835 | Pan      | Identified the +7 tower shield of Filigreed Miracles
                  | {rElec}
110322 | Pan      | Noticed Bafu the pandemonium lord
110385 | Pan      | HP: 7/153 [Bafu the pandemonium lord (25)]
110388 | Pan      | Slain by Bafu the pandemonium lord

Illustrated notes

Levels and vault maps discovered:
D:1:      eino_arrival_cavern_b, layout_basic,
          dreamdust_ecumenical_altar_drowned_temple, kennysheep_another_room,
          minmay_pentomino_t2
D:2:      layout_basic, kennysheep_generic_room_7
D:3:      layout_rooms, mainiacjoe_overflow_concentric_impassable, serial_shops,
          nicolae_shop_hallway_stairs, shop, shop, shop, minmay_distorted,
          uniq_robin
D:4:      layout_cave_pools, nicolae_overflow_quartered_altars, temple_pool_b,
          gammafunk_ghost_necromancy
D:5:      layout_cave_pools
D:6:      layout_basic, serial_shops, nicolae_shop_hallway_plus,
          gammafunk_ghost_smash, hangedman_abyss_or_decor_stagger,
          minmay_misc_feat_doors, minmay_curled_crystal,
          nicolae_shop_dragon_depot, grunt_decor_cap, minmay_misc_feat_roman
D:7:      layout_basic, serial_undead, serial_undead_c, serial_undead_e,
          serial_undead_a, serial_undead_f, serial_shops, shop_fountains,
          enter_ossuary_1, uniq_duvessa
D:8:      layout_rooms, minmay_orc_keep
D:9:      layout_rooms, xom_shifter_show, minivault_20,
          mumra_transporter_accident, uniq_harold
D:10:     layout_big_octagon, jmf_multi_god_temple2, kennysheep_mini_moat,
          lair_entry_dummy, enter_bailey_3, serial_bayou_pond_d
D:11:     layout_roguey, minmay_orc_entry_temple_small, minivault_4,
          uniq_fannar, uniq_urug
D:12:     layout_stronghold, uniq_jorgrun
D:13:     layout_loops_ring, grunt_vaults_entry_fortified, nicolae_two_hexagons,
          uniq_frances, uniq_lodul, uniq_maurice
D:14:     layout_irregular_city, serial_column_ruins, column_ruins_hut_ruined,
          column_ruins_hut, column_ruins_grid_1, column_ruins_open_small,
          column_ruins_open_tiny, column_ruins_corridor_corner,
          infiniplex_staircase_9_rooms
D:15:     grunt_enter_depths_magical_seal, layout_stronghold
Temple:   cyrus_circular_temple
Lair:1:   beast_lair_carwin_large_2, layout_regular_city, basic_altar,
          chequers_serial_rivers_large_a, infiniplex_staircase_pool_2
Lair:2:   layout_cave_pods, gauntlet_entry_generic, serial_bayou_shore_b,
          serial_bayou_shore_b
Lair:3:   layout_cave_pods, elwin_shoals_entry_rocks,
          guppyfry_snake_entry_garden, columned_hall_lemuel, lemuel_fruit_tree
Lair:4:   layout_cave_pods, minivault_23, serial_bayou_lake_a,
          grunt_megastairs_4, uniq_nergalle
Lair:5:   layout_regular_city, kennysheep_snail_temple
Lair:6:   grunt_lair_end_beastmaster, layout_cave_pods, minmay_slime_entry_eyes
Shoals:1: layout_shoals, serial_shops, shop_coins, regret_index_shoals_crete
Shoals:2: layout_shoals, uniq_donald, uniq_polyphemus, uniq_ilsuiw
Shoals:3: layout_shoals, nicolae_shoals_enchanted_isle, uniq_kirke,
          uniq_mlioglotl
Shoals:4: shoals_end_simple, layout_shoals
Snake:1:  layout_layer_cave, serial_shops, shop, basic_altar,
          grunt_ministairs_15
Snake:2:  nicolae_cobra_stairs, layout_rooms
Snake:3:  layout_chambers, serial_shops, shop, uniq_saint_roka
Snake:4:  snake_pit_salamanders_mu, layout_misc_corridors, special_room,
          grunt_megastairs_2, uniq_roxanne
Slime:1:  layout_caves, cheibrodos_slime_lost_civilization_6
Slime:2:  cheibrodos_slime_lost_civilization_2, layout_caves,
          cheibrodos_slime_lost_civilization_7
Slime:3:  layout_caves, dissolution_awaits
Slime:4:  layout_caves
Slime:5
Orc:1:    layout_caves
Orc:2:    st_orc_elflike, layout_diamond_mine, serial_shops,
          nicolae_shop_bloodbath_and_beyond
Elf:1:    eino_elf_arrival_customs, layout_geoelf_diagonals, serial_glass,
          glass_columns_a, glass_columns_a, minmay_strange_pillars,
          minmay_strange_pillars, minmay_strange_pillars,
          minmay_strange_pillars, serial_shops, shop_fountains, shop_fountains,
          shop, shop, shop, hangedman_elf_disciples, nicolae_shop_self_help,
          uniq_louise, uniq_zenata
Elf:2:    elven_hall_of_blades_hangedman_alternative [nicolae_blade_bullseye],
          layout_gridlike, serial_aquarium, aquarium_bridge_square
          [aquarium_subvault_bridge, aquarium_subvault_wall,
          aquarium_subvault_bridge, aquarium_subvault_wall],
          aquarium_bridge_straight [aquarium_subvault_bridge,
          aquarium_subvault_wall, aquarium_subvault_bridge,
          aquarium_subvault_balcony], aquarium_window_2, aquarium_window_3,
          aquarium_window_1, aquarium_view_2c, aquarium_view_2c,
          aquarium_balcony_1b, serial_shops, nicolae_shop_hallway_stairs
Elf:3:    minmay_elf_hall_dome, layout_gridlike, nicolae_shop_firing_range
Vaults:1: vaults_dpeg_encased_lava, v_misc_17, nicolae_vaults_big_angled_halls,
          ontoclasm_vaults_tryst, ontoclasm_vaults_eye, v_pattern_2,
          nicolae_vaults_puzzle_piece, hangedman_vaults_river_flow, v_rooms_3,
          nicolae_vaults_hallways_thing, layout_vaults_maze
Vaults:2: ebering_ghost_gozag, vaults_room_stairs_pillars,
          vaults_standard_mumra_lines, grunt_vaults_hallway_short, v_misc_10,
          vaults_room_octagon, grunt_vaults_trifunnel,
          vaults_room_stairs_pillars, v_alt_pattern_2, nicolae_vaults_big_ls,
          nicolae_vaults_windows_and_doors_thing,
          nicolae_vaults_little_squares_2, vaults_dpeg_ring,
          layout_vaults_chaotic_city, serial_glass, serial_shops, statue_bzr
Vaults:3: hangedman_vaults_slither, v_misc_14, vaults_room_hallway,
          minmay_crypt_entry_simple_corners, grunt_vaults_hallway_long,
          hangedman_vaults_nails, nicolae_vaults_disjoint_gnomons,
          nicolae_vaults_sealed_display, v_misc_2, vaults_room_corners,
          nicolae_vaults_little_squares_2, layout_vaults_omnibox, serial_shops,
          nicolae_shop_hallway_plus
Vaults:4: nicolae_vaults_puzzle_piece, v_misc_4, hangedman_vaults_unwind,
          nicolae_vaults_network_star, nicolae_vaults_little_squares_4,
          hangedman_vaults_trim, hangedman_vaults_capsules,
          layout_vaults_quadrants, serial_shops, nicolae_shop_overgrown_old_shop
Vaults:5: serial_shops
Crypt:1:  layout_misc_corridors, special_room [special_room_morgue],
          mu_enter_wizlab_4, uniq_xtahua
Crypt:2:  minmay_guarded_unrand_majin_bo, layout_basic, lemuel_upstairs_altar,
          uniq_khufu, uniq_bai_suzhen
Crypt:3:  grunt_crypt_end_deaths_head, uniq_sojobo
Tomb:1
Tomb:2
Tomb:3
Depths:1: layout_honeycomb, nicolae_hell_entry_hellmouth_sunbeams, minivault_14,
          enter_trove_3, abyss_entry, minmay_fractal_squares_diagonal_5,
          grunt_megastairs_3, serial_bayou_shore_b, minmay_shoptagon,
          serial_bayou_shore_a, uniq_aizul
Depths:2: grunt_deathspiral_small, layout_gridlike, hell_entry,
          rand_demon_pan_entry_7, infiniplex_staircase_zigzag_3, firewood_loft,
          uniq_josephina, uniq_asterion
Depths:3: nooodl_heptagram, layout_gridlike, kennysheep_big_empty_room,
          abyss_entry, hellmouth_1, minmay_staircase_windowed_large
Depths:4: grunt_zot_entry_funnels, layout_gridville, enter_ziggurat_a,
          fedhas_altar_3, hell_entry, chequers_serial_rivers_micro_e,
          grunt_ministairs_2, minmay_misc_feat_secret_circle
Hell
Geh:1:    layout_gehenna_pools_triple
Geh:2:    nicolae_geh_realm_of_the_lava_sea
Geh:3:    layout_gehenna_pools_box
Geh:4:    hangedman_generic_boss_arena
Pan:      nicolae_pan_hourglass, layout_irregular_city, lom_lobon_spiral_st,
          layout_basic, nicolae_pan_cerebovesque_3, rand_demon_7,
          layout_irregular_city, reaverb_pan_squares, lemuel_hellion_island,
          layout_basic, pan_blood_fountain, nicolae_pan_hourglass,
          layout_stronghold, pan_blood_fountain_small, pan_blood_fountain_2,
          nicolae_pan_hourglass, layout_chambers

Skill      XL: |  1  2  3  4  5  6  7  8  9 10 11 12 13 14 15 16 17 18 19 20 21 22 23 24 25 26 27 |
---------------+----------------------------------------------------------------------------------+-----
Fighting       | 2 4 6 7 9 11 12 13 15 16 17 18 19 20 21 26 | 26.7
Short Blades   | 1 3 4 6 8 10 11 12 13 14 16 17 18 19 21 22 24 27 | 27.0
Dodging        | 3 4 6 9 14 18 20 21 22 24 25 26 27 | 27.0
Stealth        | 2 4 7 9 11 14 16 18 20 21 22 23 24 25 27 | 27.0
Evocations     | 7 10 21 | 21.5
Invocations    | 7 11 13 15 18 | 18.0
Armour         | 2 5 7 9 10 | 10.0
Shields        | 18 | 18.2

Action                   |  1- 3 |  4- 6 |  7- 9 | 10-12 | 13-15 | 16-18 | 19-21 | 22-24 | 25-27 || total
-------------------------+-------+-------+-------+-------+-------+-------+-------+-------+-------++-------
Melee: Club              |    45 |       |       |       |       |       |       |       |       ||    45
       Dagger            |    52 |   170 |    18 |       |       |       |       |       |       ||   240
       Short sword       |    10 |       |   293 |   344 |   876 |  1017 |  1005 |  1722 |  4309 ||  9576
       Punch             |       |     4 |    11 |     4 |    19 |    15 |    17 |    45 |    32 ||   147
       Quick blade       |       |       |       |       |       |       |       |       |    64 ||    64
Invok: Shadow Form       |       |       |       |       |       |     1 |     3 |     7 |    24 ||    35
       Shadow Step       |       |       |       |       |       |       |       |     1 |     3 ||     4
Evoke: Wand              |     4 |     3 |     3 |    10 |     5 |     4 |       |    19 |    30 ||    78
       Condenser vane    |       |       |       |       |       |       |     1 |     3 |     3 ||     7
       Phantom mirror    |       |       |       |       |       |       |       |     3 |     6 ||     9
       Box of beasts     |       |       |       |       |       |       |       |     3 |     4 ||     7
       Horn of Geryon    |       |       |       |       |       |       |       |       |     5 ||     5
       Phial of floods   |       |       |       |       |       |       |       |       |     1 ||     1
  Use: Scroll            |       |       |    20 |    13 |     7 |     6 |     2 |    10 |    19 ||    77
       Potion            |       |       |       |     1 |     1 |     2 |       |     5 |    16 ||    25
 Stab: Sleeping          |    13 |    10 |    27 |    46 |    89 |    86 |   224 |   123 |   408 ||  1026
       Distracted        |       |       |     7 |    10 |    45 |    72 |    51 |   126 |   413 ||   724
       Invisible         |       |       |       |     2 |       |       |     9 |    11 |   229 ||   251
       Petrified         |       |       |       |       |       |     2 |       |       |       ||     2
       Petrifying        |       |       |       |       |       |     1 |       |       |       ||     1
       Paralysed         |       |       |       |       |       |       |       |     2 |       ||     2
Armor: Leather armour    |    14 |    29 |    32 |    21 |       |       |       |       |    34 ||   130
       Acid dragon scale |       |       |       |     5 |    34 |    33 |    28 |    22 |       ||   122
       Scale mail        |       |       |       |       |       |       |     2 |    82 |    34 ||   118
       Robe              |       |       |       |       |       |       |       |       |    46 ||    46
Dodge: Dodged            |    64 |    85 |   122 |   158 |   619 |   850 |   774 |  1732 |  3314 ||  7718
       Repelled          |       |       |       |       |     4 |    14 |     5 |    17 |       ||    40
Block: Other             |       |       |       |       |    24 |       |       |       |       ||    24
       Buckler           |       |       |       |       |       |       |       |       |  1314 ||  1314

Table legend: (Time is in decaauts)
 A = Elapsed time spent in this place.
 B = Non-inter-level travel time spent in this place.
 C = Inter-level travel time spent in this place.
 D = Time resting spent in this place.
 E = Time spent auto-exploring this place.
 F = Levels seen in this place.
 G = Mean time per level.
                   A        B        C        D        E       F      G
               +--------+--------+--------+--------+--------+-----+--------+
         Total | 106370 |  97729 |   8641 |  27329 |  44411 |  76 | 1399.6 |
       Dungeon |  20143 |  17517 |   2626 |   4490 |   9888 |  15 | 1342.9 |
        Temple |    101 |     86 |     15 |      0 |     74 |   1 |  101.0 |
          Lair |   8814 |   7902 |    912 |   1280 |   5421 |   6 | 1469.0 |
        Shoals |   6800 |   6361 |    439 |   1212 |   3457 |   4 | 1700.0 |
     Snake Pit |   8610 |   8362 |    248 |   2705 |   4044 |   4 | 2152.5 |
    Slime Pits |   7040 |   6887 |    153 |   4696 |    789 |   5 | 1408.0 |
  Orcish Mines |   3198 |   2514 |    684 |    555 |   1324 |   2 | 1599.0 |
   Elven Halls |   5287 |   3998 |   1289 |    327 |   2313 |   3 | 1762.3 |
        Vaults |  17054 |  16193 |    861 |   5736 |   6843 |   5 | 3410.8 |
         Crypt |   6291 |   5927 |    364 |   2273 |   1669 |   3 | 2097.0 |
          Tomb |   4558 |   4345 |    213 |   1414 |    808 |   3 | 1519.3 |
        Depths |   6453 |   5684 |    769 |    559 |   3424 |   4 | 1613.2 |
          Hell |   1997 |   1936 |     61 |    978 |    341 |   1 | 1997.0 |
       Gehenna |    407 |    406 |      1 |      0 |      0 |   4 |  101.8 |
         Abyss |   1029 |   1029 |      0 |      0 |     37 |   5 |  205.8 |
   Pandemonium |   6320 |   6320 |      0 |    746 |   3283 |   6 | 1053.3 |
        Bazaar |    117 |    117 |      0 |      0 |     91 |   1 |  117.0 |
       Ossuary |    337 |    337 |      0 |      0 |    207 |   1 |  337.0 |
        Bailey |    650 |    650 |      0 |    206 |     86 |   1 |  650.0 |
        Wizlab |    653 |    653 |      0 |     12 |    135 |   1 |  653.0 |
      Gauntlet |    502 |    502 |      0 |    138 |    175 |   1 |  502.0 |
               +--------+--------+--------+--------+--------+-----+--------+

Top non-repeatable levels by time:
Vaults:4: 6377 daAuts
Vaults:5: 4032 daAuts
    D:15: 3324 daAuts
 Crypt:3: 3092 daAuts
Vaults:2: 3083 daAuts
 Slime:5: 3035 daAuts
 Snake:2: 2871 daAuts
  Tomb:1: 2736 daAuts
 Snake:3: 2538 daAuts
   Orc:2: 2337 daAuts
     D:1: 2287 daAuts
 Slime:4: 2105 daAuts
Shoals:1: 2051 daAuts
    D:13: 2050 daAuts
    Hell: 1997 daAuts
